 Dungeon Crawl Stone Soup version 0.30-a0-756-gc2185399d4 (console) character file.

Game seed: 2535372926848113959

510 rlgrobin the Ducker (level 6, -13/46 HPs)
             Began as a Demonspawn Wanderer on Feb 9, 2023.
             Mangled by an ogre
             ... wielding a +0 giant spiked club
              (36 damage)
             ... on level 5 of the Dungeon.
             The game lasted 00:06:58 (3628 turns).

rlgrobin the Ducker (Demonspawn Wanderer)           Turns: 3628, Time: 00:06:58

Health: -13/46     AC:  4    Str: 11    XL:     6   Next: 98%
Magic:  7/7        EV: 13    Int: 18    God:
Gold:   224        SH:  0    Dex: 14    Spells: 6/7 levels left

rFire   . . .      SeeInvis .    a - +2 quarterstaff
rCold   . . .      Faith    .    (shield currently unavailable)
rNeg    . . .      Spirit   .    i - +0 leather armour of Watchfulness {Int+3}
rPois   .          Reflect  .    (no helmet)
rElec   .          Harm     .    (no cloak)
rCorr   .          Rampage  .    (no gloves)
Will    .....                    b - +0 pair of boots
Stlth   ++                       (no amulet)
HPRegen 0.27/turn                r - ring of flight
MPRegen 0.10/turn                (no ring)

@: flying
A: foul stench 1, spiny 1, demonic touch 2
a: no special abilities


You were on level 5 of the Dungeon.
You visited 1 branch of the dungeon, and saw 5 of its levels.

You collected 224 gold pieces.

Inventory:

Hand Weapons
 a - a +2 quarterstaff (weapon)
 d - a +0 sling of draining
Missiles
 p - 13 poisoned darts (quivered)
Armour
 b - a +0 pair of boots (worn)
 i - the +0 leather armour of Watchfulness (worn) {Int+3}
   (You found it on level 2 of the Dungeon)

   Int:       It affects your intelligence (+3).
Jewellery
 f - a ring of fire
 r - a ring of flight (left hand)
Wands
 t - a wand of iceblast (6)
Scrolls
 c - a scroll of fog
 e - 3 scrolls of immolation {unknown}
 g - 2 scrolls of magic mapping {unknown}
 j - 2 scrolls of acquirement {unknown}
 k - a scroll of brand weapon {unknown}
 n - 7 scrolls of identify {unknown}
 o - a scroll of teleportation {unknown}
 u - a scroll of blinking {unknown}
 v - a scroll of enchant weapon {unknown}
 x - a scroll of vulnerability {unknown}
Potions
 h - 2 potions of haste {unknown}
 l - 3 potions of mutation {unknown}
 m - 2 potions of invisibility {unknown}
 q - 2 potions of heal wounds {unknown}
 s - a potion of lignification {unknown}
 z - 2 potions of might {unknown}
Miscellaneous
 w - a piece from Xom's chessboard (15/15)


   Skills:
 - Level 2.8 Fighting
 - Level 2.6 Staves
 - Level 1.0 Armour
 + Level 4.7 Dodging
 - Level 3.4 Stealth
 - Level 1.0 Spellcasting
 - Level 3.6 Translocations
 - Level 1.3 Evocations


You had 6 spell levels left.
You knew the following spells:

 Your Spells              Type           Power      Damage    Failure   Level
a - Apportation           Tloc           26%        N/A       6%          1

Your spell library contained the following spells:

 Spells                   Type           Power      Damage    Failure   Level
 Teleport Other           Tloc           13%        N/A       19%         3
 Beastly Appendage        Tmut           0%         N/A       26%         1
 Cigotuvi's Dreadful Rot  Necr/Pois/Air  0%         N/A       36%         2
 Ensorcelled Hibernation  Hex/Ice        0%         N/A       36%         2
 Mephitic Cloud           Conj/Pois/Air  0%         N/A       61%         3
 Spider Form              Tmut/Pois      0%         N/A       61%         3
 Anguish                  Hex/Necr       0%         N/A       95%         4
 Yara's Violent Unravell  Hex/Tmut       0%         3d3       100%        5


Dungeon Overview and Level Annotations

Branches:
Dungeon (5/15)
 Temple: D:4-7

Altars:
Ashenzari
Hepliaklqana
Xom


Innate Abilities, Weirdness & Mutations

You may rarely emit foul miasma when damaged in melee.
You are partially covered in sharp spines.
Your touch may inflict irresistible damage on your foes.


Message History

You hit the iguana.
The iguana is severely wounded.
The iguana bites you!
You sock the iguana!
You kill the iguana!
p - 13 poisoned darts (gained 1)
p - 14 poisoned darts (gained 1)
Found a whip.
p - 15 poisoned darts (gained 1)
An ogre comes into view. It is wielding a +0 giant spiked club.
Throw: 15 darts (poison)
Press: ? - help, Q - select action, (/) - cycle Shift-Dir - straight line, f - ogre
Aim: an ogre, wielding a +0 giant spiked club (wandering, hasn't noticed you, 74% to hit)
You throw a poisoned dart. The poisoned dart hits the ogre.
The ogre shouts!
Throw: 14 darts (poison)
Press: ? - help, Q - select action, (/) - cycle Shift-Dir - straight line, f/p - ogre
Aim: an ogre, wielding a +0 giant spiked club (74% to hit)
You throw a poisoned dart. The poisoned dart hits the ogre.
The ogre is poisoned.
You hit the ogre.
The ogre is lightly wounded.
The ogre is struck by your spines.
The ogre hits you with a +0 giant spiked club!!
Ouch! That really hurt!
You hit the ogre.
The ogre is heavily wounded.
The ogre closely misses you.
You hit the ogre but do no damage.
The ogre is heavily wounded.
The ogre is struck by your spines. The ogre closely misses you.
You barely miss the ogre.
The ogre is severely wounded.
The ogre looks more healthy.
You hit the ogre.
The ogre is almost dead.
The ogre is struck by your spines.
The ogre hits you with a +0 giant spiked club!!!
Ouch! That really hurt!
You die...

#. #. ## #.# #.
##.. #. (.### ###+
#(.. #... #.O#
########... #.@#
#....).....
#..######.######...
#......##.# #...
#.####.##.# ####
#.# #.#..# #.#
#.#.##########
#.####.#.# #.......
#......#.###.......
######.............


You could see an ogre.

Vanquished Creatures
  An ogre (D:5)
  A black bear (D:4)
  2 scorpions (D:5)
  A hound (D:4)
  2 iguanas
  5 adders
  A white imp (D:5)
  An ufetubus (D:5)
  A worm (D:3)
  5 orcs
  7 ball pythons
  3 bats
  5 endoplasms
  3 giant cockroaches (D:3)
  6 goblins
  7 hobgoblins
  4 jackals (D:2)
  8 kobolds
  A quokka (D:4)
  5 frilled lizards
  6 rats
  2 butterflies (D:4)
77 creatures vanquished.

Notes
Turn   | Place    | Note
-------+----------+-------------------------------------------
     0 | D:1      | rlgrobin the Demonspawn Wanderer began the quest for the
                  | Orb.
     0 | D:1      | rlgrobin set off with the following items: a +2
                  | quarterstaff, a +0 pair of boots, a scroll of fog, a +0
                  | robe; and the following spell memorised: Apportation; and
                  | the following spells available to memorise: Teleport Other.
     0 | D:1      | Reached XP level 1. HP: 13/13 MP: 2/2
   133 | D:1      | Gained mutation: You are partially covered in sharp spines.
                  | [demonic ancestry]
   133 | D:1      | Reached XP level 2. HP: 18/19 MP: 3/3
   255 | D:1      | Reached skill level 1 in Dodging
   413 | D:2      | Gained mutation: Your touch may inflict minor irresistible
                  | damage on your foes. [demonic ancestry]
   413 | D:2      | Reached XP level 3. HP: 24/24 MP: 4/4
   423 | D:2      | Identified the +0 leather armour of Watchfulness {Int+3}
   632 | D:2      | Reached skill level 2 in Dodging
  1303 | D:3      | Reached skill level 1 in Fighting
  1305 | D:3      | Gained mutation: Your touch may inflict irresistible damage
                  | on your foes. [demonic ancestry]
  1305 | D:3      | Reached XP level 4. HP: 32/32 MP: 5/5
  1479 | D:3      | You are sucked into a shaft and drop 1 floor!
  1527 | D:4      | Found a hazy altar of Hepliaklqana.
  1540 | D:4      | Got Alistair's Disquisition on the Dose and Changing
  1927 | D:4      | Found a shimmering altar of Xom.
  1930 | D:4      | Noticed a black bear
  1938 | D:4      | Killed a black bear
  1939 | D:4      | Reached skill level 3 in Dodging
  1939 | D:4      | Reached XP level 5. HP: 19/40 MP: 6/6
  2637 | D:4      | Reached skill level 1 in Evocations
  2920 | D:5      | Entered Level 5 of the Dungeon
  2968 | D:5      | Found a broken altar of Ashenzari.
  2978 | D:5      | Reached skill level 4 in Dodging
  2978 | D:5      | Gained mutation: You may rarely emit foul miasma when
                  | damaged in melee. [demonic ancestry]
  2978 | D:5      | Reached XP level 6. HP: 36/46 MP: 7/7
  3628 | D:5      | Mangled by an ogre

Illustrated notes

Levels and vault maps discovered:
D:1:      psy_arrival_dodecagon, layout_rooms
D:2:      layout_basic
D:3:      minmay_recursive_quarters, layout_basic, serial_shops, shop
D:4:      layout_basic, xom_butterflies, mainiacjoe_overflow_catwalk,
          kennysheep_boxes
D:5:      layout_basic, ashenzari_conservatory_becter, glass_columns_a

Skill      XL: |  1  2  3  4  5  6 |
---------------+-------------------+-----
Stealth        | 2 3 |  3.4
Dodging        | 1 2 3 4 |  4.7
Fighting       | 1 2 |  2.8
Evocations     | 1 |  1.3
Staves         | |  2.6
Armour         | |  1.0
Spellcasting   | |  1.0
Translocations | |  3.6

Action                     |  1- 3 |  4- 6 || total
---------------------------+-------+-------++-------
  Melee: Quarterstaff      |    91 |    69 ||   160
  Throw: Dart              |       |    18 ||    18
   Stab: Sleeping          |     2 |     2 ||     4
 Armour: Robe              |    16 |       ||    16
         Leather armour    |    12 |    19 ||    31
  Dodge: Dodged            |    44 |    36 ||    80

Table legend: (Time is in decaauts)
 A = Elapsed time spent in this place.
 B = Non-inter-level travel time spent in this place.
 C = Inter-level travel time spent in this place.
 D = Time resting spent in this place.
 E = Time spent auto-exploring this place.
 F = Levels seen in this place.
 G = Mean time per level.
                   A        B        C        D        E       F      G
               +--------+--------+--------+--------+--------+-----+--------+
         Total |   3654 |   3568 |     86 |    381 |   2510 |   5 |  730.8 |
       Dungeon |   3654 |   3568 |     86 |    381 |   2510 |   5 |  730.8 |
               +--------+--------+--------+--------+--------+-----+--------+

Top non-repeatable levels by time:
     D:4: 1145 daAuts
     D:2: 714 daAuts
     D:5: 710 daAuts
     D:3: 673 daAuts
     D:1: 410 daAuts
